AoeStats
← VLLC23

Arabia

506289449Analyzed
1v1 RM · 18d ago on Sep 13, 2026· 46m 33s· 2 players
Game mode
Random Map
Map size
Tiny (2 player)
Population
200
Speed
Normal
Resources
Standard
Victory
Conquest
Starting age
Dark Age
Ending age
Imperial Age
RankedLock teamsTeams togetherTeam positionsShared explorationLock speedFull tech treeHidden civsTurbo modeCheats
Victory
Defeat
🇦🇷 Burgundians · Argentina
1159
+17
🇨🇳 Mongols · China
1178
-17
VLLC23
7:19 Loom
9:35 Feudal Age
8:27 Double-Bit Axe
10:31 Bow Saw
10:12 Horse Collar
17:44 Fletching
18:30 Gold Mining
19:28 Heavy Plow
22:26 Castle Age
22:06 Scale Barding Armor
22:33 Cavalier
23:31 Forging
24:27 Chain Barding Armor
27:52 Crop Rotation
29:56 Wheelbarrow
29:55 Stone Mining
31:02 Iron Casting
32:24 Hand Cart
33:16 Burgundian Vineyards
34:08 Town Watch
39:53 Imperial Age
38:03 Scale Mail Armor
38:41 Ballistics
39:06 Bodkin Arrow
39:59 Chain Mail Armor
40:01 Treadmill Crane
40:42 Flemish Revolution
41:02 Arson
45:06 Plate Mail Armor
45:35 Squires
流浪崖边草
6:03 Loom
9:06 Feudal Age
9:21 Man-at-Arms
10:53 Double-Bit Axe
14:44 Wheelbarrow
18:56 Fletching
23:23 Castle Age
23:46 Forging
24:51 Scale Barding Armor
26:58 Bloodlines
29:20 Husbandry
32:10 Chain Barding Armor
37:29 Imperial Age
37:27 Iron Casting
37:27 Gold Mining
37:46 Heavy Camel Rider
38:28 Light Cavalry
41:10 Blast Furnace
40:28 Hand Cart
39:59 Town Watch
41:43 Conscription
45:07 Bodkin Arrow
Connection lost

Rejoining the realm…

Still unreachable

The connection could not be restored.

Session expired

The server has moved on; the page needs a fresh start.